 Seeded DCSS version 0.27-a0-1579-g97d2440184 (webtiles) character file.

Game seed: 406219951808 (custom seed)

1166 Sopht the Carver (level 8, -8/49 HPs)
             Began as a Tengu Berserker on July 17, 2021.
             Was a Priest of Trog.
             Mangled by a skeletal warrior (9 damage)
             ... led by a death knight
             ... on level 7 of the Dungeon.
             The game lasted 00:23:12 (5963 turns).

Sopht the Carver (Tengu Berserker)                  Turns: 5963, Time: 00:23:13

Health: -8/49      AC: 14    Str: 19    XL:     8   Next: 40%
Magic:  0/9        EV: 14    Int:  8    God:    Trog [***...]
Gold:   211        SH:  0    Dex: 14    Spells: 7/7 levels left

rFire    . . .     SeeInvis .   B - +2 halberd (protect)
rCold    . . .     Faith    .   (shield currently unavailable)
rNeg     . . .     Spirit   +   z - +0 ring mail
rPois    +         Reflect  .   (helmet restricted)
rElec    .         Harm     .   a - +0 cloak
rCorr    .         Rampage  .   (no gloves)
Will     .....                  (boots unavailable)
Stlth    +.........             y - amulet of guardian spirit
HPRegen  0.16/turn              e - ring of poison resistance
MPRegen  0.11/turn              (no ring)

@: under a protective aura, on berserk cooldown, flying quickly and evasively,
slowed, very slow
A: beak, talons 3, nimble flight
a: Renounce Religion, Berserk, Trog's Hand


You were on level 7 of the Dungeon.
You worshipped Trog.
Trog was most pleased with you.
You visited 1 branch of the dungeon, and saw 7 of its levels.

You collected 397 gold pieces.
You spent 186 gold pieces at shops.

Inventory:

Hand Weapons
 l - a +4 falchion of freezing
 B - a +2 halberd of protection (weapon)
Missiles
 c - 3 silver boomerangs
 i - 5 javelins
 u - 4 boomerangs
 x - 6 atropa-tipped darts (quivered)
Armour
 a - a +0 cloak (worn)
 d - a +0 scale mail
 z - a +0 ring mail (worn)
Jewellery
 e - a ring of poison resistance (left hand)
 h - a ring of resist corrosion
 k - a +4 ring of evasion
 r - a ring of flight
 y - an amulet of guardian spirit (around neck)
Wands
 o - a wand of digging (5)
 w - a wand of polymorph (7)
 A - a wand of mindburst (15)
Scrolls
 b - a scroll of enchant weapon {unknown}
 f - 2 scrolls of teleportation {unknown}
 g - 2 scrolls of identify
 j - 3 scrolls of noise {unknown}
 s - a scroll of vulnerability {unknown}
 t - a scroll of silence {unknown}
Potions
 m - a potion of attraction
 n - a potion of might
 p - 2 potions of haste
 q - 4 potions of lignification
 v - a potion of ambrosia


   Skills:
 + Level 5.2 Fighting
 + Level 8.2 Long Blades
 + Level 1.8 Throwing
 + Level 3.9 Armour
 + Level 4.1 Dodging
 + Level 1.9 Stealth


You had 7 spell levels left.
You didn't know any spells.
Your spell library was empty.

Dungeon Overview and Level Annotations

Branches:
Dungeon (7/15)             Temple (0/1) D:5

Altars:
Trog
Vehumet

Shops:
D:2 (

Annotations:
D:5 exclusion: statue


Innate Abilities, Weirdness & Mutations

You have a beak for a mouth.
You have claws for feet.
Your magical nature lets you fly swiftly and evasively.


Message History

The skeletal warrior is moderately damaged.
The skeletal warrior barely misses you.
You hit the skeletal warrior.
The skeletal warrior is moderately damaged.
The skeletal warrior hits you with a +0 long sword.
The skeletal warrior misses you.
You hit the skeletal warrior. You claw the skeletal warrior.
The skeletal warrior is moderately damaged.
You slash the skeletal warrior! You claw the skeletal warrior.
You peck the skeletal warrior.
The skeletal warrior is severely damaged.
You feel the effects of Trog's Hand fading.
The skeletal warrior hits you with a +0 long sword!
You hit the skeletal warrior.
The skeletal warrior is severely damaged.
The skeletal warrior hits you with a +0 long sword!
You hit the skeletal warrior. Your kick misses the skeletal warrior.
The skeletal warrior is severely damaged.
The skeletal warrior hits you but does no damage.
You closely miss the skeletal warrior.
The skeletal warrior is severely damaged.
The skeletal warrior hits you with a +0 long sword!!
* * * LOW HITPOINT WARNING * * *
You hit the skeletal warrior. You claw the skeletal warrior!
You peck the skeletal warrior, but do no damage.
The skeletal warrior is almost destroyed.
You are no longer berserk.
You are exhausted.
You feel yourself slow down.
The skeletal warrior hits you but does no damage.
You completely miss the skeletal warrior.
You peck the skeletal warrior, but do no damage.
The skeletal warrior is almost destroyed.
Your skin stops crawling.
You feel less strong-willed.
The skeletal warrior hits you with a +0 long sword!
* * * LOW HITPOINT WARNING * * *
The skeletal warrior hits you with a +0 long sword.
* * * LOW HITPOINT WARNING * * *
The skeletal warrior hits you with a +0 long sword!
You die...

.#.####. .# # #.. ..
##.. ##...## .....#
..###.#.############
........#.........#
#..............#
#...z@.........#
#....#...[.....#
#.###.#.........# #.
#.#..<).....# #.
#..#.######## #.
#..#.# . ....#.#
.....#.# .......#


You could see a skeletal warrior.

Vanquished Creatures
  A water moccasin (D:6)
  An ice beast (D:6)
  2 ogres
  A scorpion (D:6)
  2 water moccasin zombies (D:5)
  5 jellies
  A hound (D:6)
  An orc priest (D:3)
  A gnoll shaman (D:6)
  A centaur skeleton (D:6)
  An iguana (D:6)
  2 orc wizards
  A killer bee zombie (D:5)
  A hound skeleton (D:5)
  8 gnolls
  9 adders
  2 ufetubi
  4 worms
  2 dart slugs
  11 orcs
  6 endoplasms
  4 giant cockroaches
  6 goblins
  5 hobgoblins (D:1)
  7 jackals (D:1)
  A quokka (D:1)
  5 ball pythons (D:1)
  5 bats (D:1)
  3 frilled lizards
  7 kobolds
  6 rats
112 creatures vanquished.

Notes
Turn   | Place    | Note
-------+----------+-------------------------------------------
     0 | D:1      | Sopht the Tengu Berserker began the quest for the Orb.
     0 | D:1      | Reached XP level 1. HP: 14/14 MP: 2/2
   206 | D:1      | Reached XP level 2. HP: 19/19 MP: 3/3
   656 | D:1      | Reached XP level 3. HP: 23/23 MP: 4/4
   667 | D:1      | Reached ** piety under Trog
   985 | D:1      | Reached skill level 4 in Long Blades
  1267 | D:2      | Found Poimn's Antique Weapon Shop.
  1386 | D:2      | Found a faded altar of an unknown god.
  1622 | D:2      | Reached XP level 4. HP: 29/29 MP: 5/5
  2500 | D:3      | Gained mutation: Your magical nature lets you fly swiftly
                  | and evasively. [Tengu growth]
  2500 | D:3      | Reached XP level 5. HP: 33/33 MP: 6/6
  2707 | D:3      | Reached skill level 5 in Long Blades
  3048 | D:4      | Reached XP level 6. HP: 38/38 MP: 7/7
  3219 | D:2      | Bought a runed falchion for 186 gold pieces
  3473 | D:4      | Reached *** piety under Trog
  3477 | D:4      | Reached skill level 1 in Stealth
  3643 | D:5      | Entered Level 5 of the Dungeon
  3734 | D:5      | Reached skill level 6 in Long Blades
  3803 | D:5      | Found a staircase to the Ecumenical Temple.
  3838 | D:5      | Found a bloodstained altar of Trog.
  3985 | D:5      | Reached XP level 7. HP: 35/44 MP: 8/8
  4160 | D:5      | Found a radiant altar of Vehumet.
  4473 | D:5      | Reached skill level 7 in Long Blades
  4642 | D:6      | Reached skill level 1 in Throwing
  5016 | D:6      | Reached XP level 8. HP: 31/48 MP: 5/9
  5110 | D:6      | Reached skill level 5 in Fighting
  5256 | D:6      | Reached skill level 8 in Long Blades
  5947 | D:7      | Noticed a skeletal warrior
  5963 | D:7      | HP: 2/49 [skeletal warrior[a death knight] (13)]
  5963 | D:7      | Mangled by a skeletal warrior

Illustrated notes

Levels and vault maps discovered:
D:1:      amcnicky_arrival_wind_blow, layout_basic
D:2:      layout_basic, hellmonk_ecumenical_altar_blasted, serial_shops,
          nicolae_shop_overgrown_old_shop, mrwooster_statue_mirror
D:3:      layout_basic, chequers_mini_garden
D:4:      layout_rooms
D:5:      layout_loops_ring, bloody_trog, vehumet_statue,
          minmay_temple_entry_junction, chequers_serial_rivers_micro_c,
          grunt_ministairs_2, kennysheep_generic_room_2
D:6:      layout_loops_corners, patterned_corridor
D:7:      layout_rooms, okawaru_gym_becter, minivault_24, uniq_harold,
          uniq_pikel

Skill      XL: |  1  2  3  4  5  6  7  8 |
---------------+-------------------------+-----
Long Blades    | 4 5 6 7 8 |  8.2
Fighting       | 4 5 |  5.2
Dodging        | 3 4 |  4.1
Stealth        | 1 |  1.9
Armour         | 3 |  3.9
Throwing       | 1 |  1.8

Action                   |  1- 3 |  4- 6 |  7- 9 || total
-------------------------+-------+-------+-------++-------
Melee: Falchion          |    74 |   102 |    60 ||   236
       Kick              |    18 |    41 |    22 ||    81
       Peck              |     9 |    13 |    20 ||    42
       Halberd           |       |       |    10 ||    10
Throw: Boomerang         |     2 |     5 |     3 ||    10
       Dart              |       |       |     6 ||     6
Invok: Berserk           |     1 |     2 |     4 ||     7
       Trog's Hand       |       |     2 |     2 ||     4
  Use: Scroll            |       |     4 |     1 ||     5
       Potion            |       |       |     1 ||     1
 Stab: Sleeping          |       |     2 |       ||     2
Armor: Animal skin       |     4 |       |       ||     4
       Leather armour    |    17 |    16 |     1 ||    34
       Ring mail         |       |       |    10 ||    10
Dodge: Dodged            |    39 |    65 |    63 ||   167
       Rpst.: Falchion   |    13 |    18 |    10 ||    41

Table legend: (Time is in decaauts)
 A = Elapsed time spent in this place.
 B = Non-inter-level travel time spent in this place.
 C = Inter-level travel time spent in this place.
 D = Time resting spent in this place.
 E = Time spent auto-exploring this place.
 F = Levels seen in this place.
 G = Mean time per level.
                   A        B        C        D        E       F      G
               +--------+--------+--------+--------+--------+-----+--------+
         Total |   5727 |   5675 |     52 |      0 |   2811 |   7 |  818.1 |
       Dungeon |   5727 |   5675 |     52 |      0 |   2811 |   7 |  818.1 |
               +--------+--------+--------+--------+--------+-----+--------+

Top non-repeatable levels by time:
     D:6: 1242 daAuts
     D:2: 1119 daAuts
     D:1: 1107 daAuts
     D:5: 876 daAuts
     D:3: 817 daAuts
     D:4: 536 daAuts
     D:7: 26 daAuts
